Map: Equilibrium LE

Players

LAM

  • Race: Terran Terran
  • League: Diamond
  • Spawn Location: 1:00

SubN - Winner!

  • Race: Zerg Zerg
  • League: Diamond
  • Spawn Location: 11:00

VOD

Have the link to the VOD?

Description

Time

  • Played on: Jan. 22, 2024, 6:26 p.m.
  • Length: 8:32
Show
View Real Time Build Order
Export as new Build Order

LAM Terran 

Build Orders: Command Center First 

Get SALT Encoding   

  12  0:00  SCV  
  13  0:12  SCV  
  14  0:17  Supply Depot  
  14  0:24  SCV  
  15  0:39  SCV  
  16  0:51  SCV  
  17  1:00  Command Center  
  17  1:04  SCV  
  18  1:15  Barracks  
  18  1:18  SCV  
  19  1:29  Barracks  
  19  1:42  Refinery, SCV  
  19  1:44  Refinery  
  21  1:54  SCV  
  21  1:59  Barracks  
  21  2:13  Orbital Command  
  21  2:21  Orbital Command  
  21  2:27  Barracks Reactor  
  21  2:32  Barracks Tech Lab  
  21  2:40  SCV  
  22  2:44  Refinery  
  22  2:46  SCV  
  22  2:50  Barracks Tech Lab  
  23  2:52  SCV  
  23  2:55  Marine  
  25  3:02  Supply Depot  
  25  3:07  Marine x2  
  25  3:08  Stimpack  
  25  3:10  SCV  
  28  3:14  Marine  
  28  3:15  Marine  
  28  3:18  Combat Shield  
  30  3:23  SCV  
  30  3:24  SCV  
  32  3:27  Marine  
  32  3:28  Marine  
  32  3:32  Marine  
  35  3:35  SCV  
  35  3:36  SCV  
  37  3:43  Marine  
  37  3:45  Marine  
  37  3:47  SCV  
  40  3:48  SCV  
  40  3:53  Marine  
  40  3:55  Marine  
  42  4:01  SCV  
  43  4:05  Factory  
  43  4:08  SCV  
  43  4:09  Marine x2  
  46  4:16  Refinery  
  46  4:17  Supply Depot  
  46  4:23  Supply Depot  
  46  4:38  Marine, SCV  
  46  4:39  Supply Depot  
  46  4:43  SCV  
  49  4:45  Command Center  
  49  4:49  Factory Tech Lab  
  49  4:53  Starport  
  49  4:54  SCV  
  49  4:58  Marauder x2  
  54  5:00  SCV  
  54  5:06  Marine  
  56  5:18  Siege Tank  
  56  5:19  Marauder  
  48  5:33  Marine  
  48  5:34  Marauder, Marine  
  52  5:36  SCV x2  
  52  5:40  Marine  
  55  5:50  Siege Tank  
  55  5:51  Marine x2  
  55  5:53  Starport Tech Lab  
  55  5:54  Starport, SCV  
  55  5:55  Marine  
  62  5:58  Marine  
  62  6:02  Factory  
  63  6:07  Barracks  
  63  6:09  Barracks, Marine x2  
  65  6:12  Marine  
  65  6:14  Orbital Command  
  65  6:16  Marine  
  70  6:25  Siege Tank  
  70  6:27  Marine x2, SCV  
  70  6:29  SCV  
  70  6:31  Marauder  
  76  6:34  Marine  
  76  6:39  SCV  
  78  6:41  Supply Depot  
  78  6:45  Starport Tech Lab, Marine x2, Engineering Bay, Cloaking Field  
  80  6:48  Factory Tech Lab  
  80  6:51  Marine  
  80  6:52  Banshee  
  84  6:56  SCV  
  85  7:02  Marine  
  50  7:16  Siege Tank  
  50  7:17  Siege Tank  
  50  7:18  SCV  
  50  7:19  Banshee  
  50  7:22  Supply Depot  
  60  7:29  SCV  
  61  7:34  Barracks Tech Lab  
  61  7:35  Barracks Reactor  
  61  7:39  Banshee  
  64  7:52  Command Center  
  64  7:54  Marauder  
  64  7:56  Widow Mine x2  
  70  8:03  Marine x2  
  70  8:04  Marine x2  
Show
View Real Time Build Order
Export as new Build Order

SubN Zerg - Winner!

Build Orders: Hatch First, Zergling Baneling 

Get SALT Encoding   

  12  0:00  Drone  
  13  0:12  Overlord  
  13  0:20  Drone  
  14  0:30  Drone x2  
  16  0:50  Hatchery  
  16  0:56  Drone  
  16  1:03  Drone  
  17  1:11  Spawning Pool  
  16  1:20  Drone x3  
  19  1:32  Overlord  
  19  1:42  Drone  
  20  1:53  Drone  
  21  2:00  Queen  
  23  2:01  Queen  
  23  2:04  Drone  
  23  2:05  Drone  
  27  2:17  Drone x2  
  29  2:24  Drone  
  30  2:31  Overlord  
  30  2:36  Queen  
  33  2:37  Drone  
  33  2:38  Drone  
  33  2:39  Hatchery  
  33  2:46  Drone  
  33  2:49  Drone  
  35  2:56  Overlord  
  35  3:00  Drone  
  35  3:02  Extractor  
  35  3:06  Drone  
  35  3:10  Drone x4  
  40  3:13  Extractor  
  40  3:15  Queen  
  41  3:26  Drone x4  
  45  3:33  Drone  
  46  3:37  Drone  
  47  3:44  Zergling x2  
  47  3:46  Overlord  
  48  4:00  Extractor  
  48  4:01  Zergling x4  
  48  4:02  Zergling x2  
  50  4:06  Queen  
  52  4:10  Drone  
  52  4:11  Baneling Nest  
  52  4:15  Drone x2  
  52  4:16  Drone  
  55  4:21  Lair  
  55  4:24  Overlord x6  
  55  4:36  Evolution Chamber  
  54  4:46  Zergling x2  
  54  4:47  Zergling x12  
  61  4:53  Zergling x6  
  61  4:54  Zergling x2  
  61  4:56  Baneling  
  61  4:57  Baneling x7  
  61  4:59  Zergling x2  
  67  5:00  Zergling x6  
  67  5:02  Zerg Melee Weapons Level 1  
  67  5:07  Zergling x6  
  71  5:09  Baneling x3  
  70  5:21  Metabolic Boost  
  69  5:28  Queen  
  69  5:30  Zergling x2  
  69  5:31  Zergling x14  
  79  5:35  Centrifugal Hooks  
  79  5:42  Zergling x4  
  81  5:44  Zergling x8  
  85  5:50  Zergling x10  
  85  5:53  Baneling  
  85  5:54  Baneling x5  
  85  5:55  Baneling  
  90  5:58  Baneling  
  90  6:16  Zergling x2  
  90  6:17  Zergling x14  
  98  6:20  Overlord x4  
  98  6:31  Overlord x3  
  98  6:33  Overseer  
  98  6:39  Drone  
  99  6:43  Zergling x2  
  99  6:44  Zergling x16  
  99  6:46  Baneling x6  
  99  6:47  Baneling x5  
  76  7:16  Baneling  
  76  7:17  Baneling x11  
  76  7:18  Zergling x26  
  89  7:34  Zergling x4  
  89  7:35  Zergling x8  
  89  7:36  Overseer  
  95  7:52  Baneling  
  95  7:53  Baneling x11  
  95  7:54  Zergling x4  
  95  7:55  Zergling x18  
Tags
 
Add a new tag
Caveats
  • Supply blocks, unpowered buildings, or Contaminate may cause inaccurate times.
  • Supply counts are checked every 10 seconds.